 Dungeon Crawl Stone Soup version 0.29-a0-1047-g7c58e119a4 (webtiles) character file.

Game seed: 2123268585352374821

58 siradein the Trooper (level 4, -1/41 HPs)
             Began as a Ghoul Monk on Aug 16, 2022.
             Slain by an iguana (11 damage)
             ... on level 3 of the Dungeon.
             The game lasted 00:02:54 (1857 turns).

siradein the Trooper (Ghoul Monk)                   Turns: 1857, Time: 00:02:55

Health: -1/41      AC:  5    Str: 16    XL:     4   Next: 1%
Magic:  3/3        EV: 11    Int:  5    God:
Gold:   123        SH:  0    Dex: 11    Spells: 3/3 levels left

rFire   + . .      SeeInvis .     - Unarmed
rCold   + . .      Faith    .   (no shield)
rNeg    + + +      Spirit   .   p - +0 ring mail
rPois   ∞          Reflect  .   (no helmet)
rElec   .          Harm     .   (no cloak)
rCorr   .          Rampage  .   (no gloves)
Will    .....                   (no boots)
Stlth   +.........              (no amulet)
HPRegen 0.00/turn               c - ring of protection from fire
MPRegen 0.08/turn               (no ring)

@: inhibited regen
A: claws 1, cold resistance 1, negative energy resistance 3, inhibited
regeneration, torment resistance 2, devour on kill
a: no special abilities


You were on level 3 of the Dungeon.
You visited 1 branch of the dungeon, and saw 3 of its levels.

You collected 123 gold pieces.

Inventory:

Armour
 p - a +0 ring mail (worn)
Jewellery
 c - a ring of protection from fire (left claw)
 d - a ring of wizardry
Scrolls
 a - 2 scrolls of fog {unknown}
 f - a scroll of teleportation {unknown}
 g - 2 scrolls of immolation {unknown}
 h - a scroll of enchant armour {unknown}
 o - 2 scrolls of fear {unknown}
Potions
 b - a potion of ambrosia
 i - 2 potions of curing
 j - a potion of mutation {unknown}
 k - a potion of cancellation
 l - a potion of lignification {unknown}
 m - a potion of attraction
 n - a potion of magic {unknown}


   Skills:
 + Level 4.3 Fighting
 - Level 2.6 Dodging
 - Level 2.1 Stealth
 + Level 4.3 Unarmed Combat


You had 3 spell levels left.
You didn't know any spells.
Your spell library was empty.

Dungeon Overview and Level Annotations

Branches:
Dungeon (3/15)

Altars:

Annotations:
D:3 Grinder


Innate Abilities, Weirdness & Mutations

You are immune to poison.
You have sharp fingernails.
Your flesh is cold resistant. (rC+)
You are immune to negative energy. (rN+++)
You do not regenerate when monsters are visible.
You are immune to unholy pain and torment.
You thrive by killing the living.


Message History

c - a ring of protection from fire
c - a ring of protection from fire (left claw)
An iguana comes into view.
Grinder shouts!
The iguana hisses angrily.
You hear a shout! x2
You scratch the iguana.
The iguana is lightly wounded.
Grinder blinks!
The iguana hisses menacingly.
The iguana bites you!
You claw the iguana!
The iguana is heavily wounded.
The iguana barely misses you.
You scratch the iguana but do no damage.
The iguana is heavily wounded.
You scratch the iguana but do no damage.
The iguana is heavily wounded.
The iguana bites you. The iguana attacks as you move away!
The iguana barely misses you.
Grinder blinks!
You scratch Grinder.
Grinder is lightly wounded.
The iguana bites you! Grinder hits you but does no damage.
You scratch Grinder.
Grinder is moderately wounded.
The iguana bites you. Grinder hits you.
* * * LOW HITPOINT WARNING * * *
Unknown command.
Grinder attacks as you move away! Grinder hits you.
* * * LOW HITPOINT WARNING * * *
The iguana bites you but does no damage.
You scratch the iguana but do no damage.
The iguana is heavily wounded.
The iguana barely misses you.
You scratch the iguana.
The iguana is severely wounded.
The iguana barely misses you.
You scratch the iguana but do no damage.
The iguana is severely wounded.
The iguana bites you!
You die...

#.. #.# #.# #.# #
#<####### .#
#.##.......###..####
#.........5.........
##########l####.###.
#@# #.# #.# #.# #.#
#.# . # #..
....#.### #.#
#.....<# ...###...#


You could see Grinder and an iguana.

Vanquished Creatures
  Jessica (D:2)
  A worm (D:2)
  3 bats (D:1)
  An endoplasm (D:1)
  2 goblins (D:1)
  3 jackals (D:2)
  6 kobolds
  2 quokkas (D:1)
  2 ball pythons
  6 frilled lizards
  2 rats (D:2)
29 creatures vanquished.

Notes
Turn   | Place    | Note
-------+----------+-------------------------------------------
     0 | D:1      | siradein the Ghoul Monk began the quest for the Orb.
     0 | D:1      | Reached XP level 1. HP: 19/19 MP: 0/0
   230 | D:1      | Reached XP level 2. HP: 18/26 MP: 1/1
  1187 | D:2      | Reached XP level 3. HP: 33/33 MP: 2/2
  1589 | D:2      | Noticed Jessica
  1594 | D:2      | Killed Jessica
  1595 | D:2      | Reached XP level 4. HP: 41/41 MP: 3/3
  1810 | D:3      | Noticed Grinder
  1857 | D:3      | Slain by an iguana

Illustrated notes

Levels and vault maps discovered:
D:1:      minmay_arrival_four_circles, layout_basic
D:2:      layout_basic, uniq_jessica
D:3:      layout_loops_ring, mainiacjoe_overflow_small_starburst,
          chequers_serial_rivers_marsh, hangedman_decor_growths, st_stairs_8,
          uniq_grinder, uniq_ijyb

Skill      XL: |  1  2  3 |
---------------+----------+-----
Fighting       | 4 |  4.3
Unarmed Combat | 4 |  4.3
Dodging        | |  2.6
Stealth        | |  2.1

Action                   |  1- 3 |  4- 6 || total
-------------------------+-------+-------++-------
Melee: Unarmed           |    97 |     9 ||   106
  Use: Scroll            |     3 |       ||     3
 Stab: Sleeping          |     1 |       ||     1
Armor: Robe              |     4 |       ||     4
       Leather armour    |    16 |       ||    16
       Ring mail         |     2 |     2 ||     4
Dodge: Dodged            |    62 |     4 ||    66

Table legend: (Time is in decaauts)
 A = Elapsed time spent in this place.
 B = Non-inter-level travel time spent in this place.
 C = Inter-level travel time spent in this place.
 D = Time resting spent in this place.
 E = Time spent auto-exploring this place.
 F = Levels seen in this place.
 G = Mean time per level.
                   A        B        C        D        E       F      G
               +--------+--------+--------+--------+--------+-----+--------+
         Total |   1848 |   1751 |     97 |      0 |   1491 |   3 |  616.0 |
       Dungeon |   1848 |   1751 |     97 |      0 |   1491 |   3 |  616.0 |
               +--------+--------+--------+--------+--------+-----+--------+

Top non-repeatable levels by time:
     D:1: 1015 daAuts
     D:2: 803 daAuts
     D:3: 29 daAuts
